 Dungeon Crawl Stone Soup version 0.17-a0-1923-gc35365e (webtiles) character file.

79 Television the Chopper (level 4, -1/35 HPs)
             Began as a Mummy Chaos Knight on Sept 28, 2015.
             Was an Initiate of Cheibriados.
             Killed from afar by Sigmund (8 damage)
             ... with a puff of flame
             ... on level 3 of the Dungeon.
             The game lasted 00:06:12 (1431 turns).

Television the Chopper (Mummy Chaos Knight)         Turns: 1431, Time: 00:06:13

Health: -1/35      AC:  7    Str: 17    XL:     4   Next: 17%
Magic:  4/4        EV: 11    Int: 12    God:    Cheibriados [......]
Gold:   79         SH:  0    Dex: 12    Spells: 0 memorised, 3 levels left

rFire  . . .     SeeInvis .     r - +2 dagger (elec)
rCold  + . .     Clarity  .     b - +2 leather armour
rNeg   + + +     SustAt   .     (no shield)
rPois  ∞         Gourm    .     (no helmet)
rElec  .         Spirit   .     m - +1 cloak
rCorr  .         Warding  .     (no gloves)
rMut   .         Stasis   .     (no boots)
MR     .....                    (no amulet)
Stlth  +.........               (no ring)
                                f - ring of protection from fire

@: very slow, not resistant to hostile enchantments, very unstealthy
A: no food or potions, fire vulnerability, cold resistance 1, negative energy
resistance 3, torment resistance, unbreathing
a: Bend Time, Renounce Religion


You were on level 3 of the Dungeon.
You worshipped Cheibriados.
Cheibriados was noncommittal.
You were not hungry.

You visited 1 branch of the dungeon, and saw 3 of its levels.

You collected 79 gold pieces.

Inventory:

Hand weapons
 a - a +0 hand axe of chaos
 r - a +2 dagger of electrocution (weapon)
Missiles
 d - 52 bolts
 e - 52 stones (quivered)
 o - 33 poisoned needles
Armour
 b - a +2 leather armour (worn)
 m - a +1 cloak (worn)
Jewellery
 f - a ring of protection from fire (left hand)
 q - an uncursed ring of ice
Magical devices
 n - a wand of fireball (0)
Scrolls
 c - a scroll of blinking {unknown}
 g - a scroll of recharging {unknown}
 h - a scroll of magic mapping {unknown}
 i - a scroll of teleportation {unknown}
 j - a scroll of fear
 k - 4 scrolls of identify {unknown}
 l - a scroll of remove curse


   Skills:
 - Level 3.0 Fighting
 + Level 0.0 Short Blades
 - Level 4.1 Axes
 - Level 1.5 Armour
 - Level 0.7 Dodging


You had 3 spell levels left.
You didn't know any spells.

Dungeon Overview and Level Annotations

Branches:
Dungeon (3/15)

Altars:
Cheibriados

Annotations:
D:3 Grinder, Sigmund


Innate Abilities, Weirdness & Mutations

You do not eat or drink.
Your flesh is vulnerable to fire.
You are immune to poison.
Your flesh is cold resistant.
You are immune to negative energy.
You are immune to unholy pain and torment.
You can survive without breathing.


Message History

Deactivating autopickup; reactivate with Ctrl-A.
You are confused.
You bump into the rock wall.
You hear some strange, mumbled words.
Something tries to affect you, but you resist.
You bump into the rock wall.
You bump into the rock wall.
Something hits you but does no damage.
You're too confused to move!
You feel less confused.
You hear some strange, mumbled words.
A puff of flame appears from out of thin air!
The puff of flame hits you! Something hits you!
* * * LOW HITPOINT WARNING * * *
You barely miss something. You hit something.
You hear some strange, mumbled words.
A puff of flame appears from out of thin air!
The puff of flame hits you!
You die...

.#.......###.###......# #
...#....[# #.# #....#.### .##.
.#.#...#.###'###....#...# #.!...
...#...#..............#.###......
.###...###....##.....†...........
.# #######.#.###......#.#.#.#....
.# ###......# ##...#............
.# #.......#####{..#.#.#.#.#..#
## #.#.#.#.....@...#..........#
#........########.#.#.#.#..#
#.#.#.#..# #..........#
#........# #.#.#.#.#..#
#.#.#.#..# #....).....#
#........# ######.....#
###......# ####### ########


There were no monsters in sight!

Vanquished Creatures
  Jessica (D:3)
  2 adders
  An ooze (D:2)
  A worm (D:2)
  4 giant cockroaches
  3 hobgoblins
  A quokka (D:2)
  A ball python (D:2)
  4 bats
  A giant gecko (D:3)
  A giant newt (D:2)
  5 goblins
  3 kobolds
  2 rats (D:1)
30 creatures vanquished.

Notes
Turn   | Place    | Note
--------------------------------------------------------------
     0 | D:1      | Television the Mummy Chaos Knight began the quest for the Orb.
     0 | D:1      | Reached XP level 1. HP: 18/18 MP: 1/1
   146 | D:1      | XOM: divination: detect creatures
   212 | D:1      | XOM: divination: detect items
   453 | D:2      | Reached XP level 2. HP: 24/24 MP: 2/2
   588 | D:3      | Noticed Grinder
  1013 | D:2      | Reached XP level 3. HP: 21/29 MP: 3/3
  1128 | D:1      | XOM: divination: detect creatures
  1338 | D:3      | Found a snail-covered altar of Cheibriados.
  1339 | D:3      | Noticed Jessica
  1350 | D:3      | Killed Jessica
  1350 | D:3      | Reached skill level 4 in Axes
  1350 | D:3      | Reached XP level 4. HP: 35/35 MP: 4/4
  1370 | D:3      | Fell from the grace of Xom
  1370 | D:3      | Became a worshipper of Cheibriados the Contemplative
  1400 | D:3      | Noticed Sigmund
  1431 | D:3      | Killed from afar by Sigmund

Vault maps used:
D:1:      dpeg_arrival_tiny_a, supply_closet_lemuel, minmay_misc_feat_encased
D:2:      first_bread
D:3:      lemuel_doored_altar, serial_glass, glass_columns_c, glass_columns_a,
          glass_columns_b, glass_columns_b, glass_columns_c, glass_columns_b,
          uniq_grinder, uniq_jessica, uniq_terence, uniq_sigmund

Action                   |  1- 3 |  4- 6 || total
-------------------------+-------+-------++-------
Melee: Hand axe          |    90 |       ||    90
       Dagger            |       |    12 ||    12
Evoke: Wand              |     1 |     3 ||     4
  Use: Scroll            |       |     3 ||     3
